 Dungeon Crawl Stone Soup version 0.21-a0-128-gf2b353c (webtiles) character file.

9093 kuniqs the Arsonist (level 11, -17/56 HPs)
             Began as a Deep Elf Fire Elementalist on July 16, 2017.
             Was a Priest of Vehumet.
             Demolished by a wolf spider (18 damage)
             ... on level 2 of the Lair of Beasts.
             The game lasted 00:25:39 (11941 turns).

kuniqs the Arsonist (Deep Elf Fire Elementalist)   Turns: 11941, Time: 00:25:40

Health: -17/56     AC:  8    Str:  5    XL:     11   Next: 18%
Magic:  11/26      EV: 12    Int: 24    God:    Vehumet [***...]
Gold:   611        SH:  6    Dex: 19    Spells: 5/29 levels left

rFire    . . .     SeeInvis .   w - +6 short sword "Impbane" {pierce, rC+ Dex+4}
rCold    + + +     Gourm    .   a - +0 buckler
rNeg     . . .     Faith    .   s - +2 leather armour {rC+}
rPois    +         Spirit   .   l - +0 helmet
rElec    .         Reflect  +   (no cloak)
rCorr    .         Harm     .   (no gloves)
MR       ++...                  b - +1 pair of boots
Stlth    ++++......             E - +2 amulet of reflection
HPRegen  0.18/turn              j - ring of stealth
MPRegen  0.20/turn              v - ring of protection from magic

@: lethally poisoned (-17 -> -35)
A: cold resistance 1, mutation resistance 1, poison resistance
a: Renounce Religion


You were on level 2 of the Lair of Beasts.
You worshipped Vehumet.
Vehumet was most pleased with you.
You were hungry.

You visited 3 branches of the dungeon, and saw 13 of its levels.

You collected 611 gold pieces.

Inventory:

Hand Weapons
 w - the +6 short sword "Impbane" (weapon) {pierce, rC+ Dex+4}
   (You found it on level 4 of the Dungeon)

   It inflicts extra damage upon your enemies.
   It affects your dexterity (+4).
   It protects you from cold.
Armour
 a - a +0 buckler (worn)
 b - a +1 pair of boots (worn)
 l - a +0 helmet (worn)
 s - a +2 leather armour of cold resistance (worn)
Magical Staves
 G - an uncursed staff of death
Jewellery
 j - a ring of stealth (left hand)
 v - a ring of protection from magic (right hand)
 E - a +2 amulet of reflection (around neck)
Wands
 J - a wand of acid (4/15)
Scrolls
 c - 2 scrolls of fog
 k - a scroll of fear {unknown}
 m - 2 scrolls of remove curse {@r2}
 n - 11 scrolls of identify {@r1}
 p - 8 scrolls of teleportation
 u - 3 scrolls of amnesia {unknown}
 x - a scroll of random uselessness {unknown}
 y - a scroll of magic mapping
 D - 3 scrolls of immolation {unknown}
 H - a scroll of enchant armour {unknown}
 I - a scroll of torment {unknown}
Potions
 h - 6 potions of mutation
 o - 4 potions of curing {@q1}
 q - 2 potions of flight {unknown}
 r - a potion of haste
 t - a potion of invisibility
 z - 3 potions of brilliance
 A - 3 potions of heal wounds
 C - 2 potions of agility {unknown}
 F - a potion of might
Miscellaneous
 K - a phantom mirror
Comestibles
 d - 10 bread rations
 e - 7 meat rations
 f - 16 fruits
 g - 2 chunks of flesh
 B - 2 royal jellies


   Skills:
 + Level 1.2 Fighting
 + Level 3.2 Dodging
 + Level 5.9 Stealth
 + Level 1.1 Shields
 + Level 9.7 Spellcasting
 - Level 10.2 Conjurations
 - Level 5.9 Translocations
 - Level 10.8 Fire Magic
 * Level 1.4 Ice Magic
 + Level 4.6 Evocations


You had 5 spell levels left.
You knew the following spells:

 Your Spells              Type           Power        Failure   Level  Hunger
a - Shock                 Conj/Air       ####         1%          1    None
b - Throw Flame           Conj/Fire      ######       1%          2    None
c - Conjure Flame         Conj/Fire      ######..     1%          3    None
d - Sticky Flame          Conj/Fire      ######..     1%          4    #......
e - Fireball              Conj/Fire      ######....   1%          5    ####...
f - Flame Tongue          Conj/Fire      #####        1%          1    None
g - Passage of Golubria   Tloc           N/A          11%         4    #......
h - Throw Icicle          Conj/Ice       #####...     3%          4    #......


Dungeon Overview and Level Annotations

Branches:
Dungeon (10/15)            Temple (1/1) D:6            Lair (2/6) D:9
    Orc (0/2) D:10
  Swamp: Lair:2-4    Shoals: Lair:2-4     Snake: Lair:2-4    Spider: Lair:2-4

Altars:
Ashenzari
Cheibriados
Dithmenos
Fedhas
Hepliaklqana
Kikubaaqudgha
Makhleb
Ru
Sif Muna
Trog
Uskayaw
Vehumet
Xom
Yredelemnul
The Shining One
Beogh

Annotations:
D:6 exclusion: 2 doors, Grinder


Innate Abilities, Weirdness & Mutations

Your flesh is cold resistant. (rC+)
You are somewhat resistant to further mutation.
Your system is resistant to poisons. (rPois)


Message History

The wolf spider hits you! The wolf spider bites you!
The wolf spider is engulfed in blazing flames.
The wolf spider hits you! The wolf spider closely misses you.
Aim: a wolf spider (flame, moderately wounded, covered in liquid flames, clinging)
The puff of flame misses the wolf spider.
The wolf spider burns!
The wolf spider is engulfed in blazing flames.
You block the wolf spider's attack. The wolf spider bites you!
You are poisoned.
The wolf spider poisons you!
Aim: a wolf spider (flame, heavily wounded, covered in liquid flames, clinging)
The shard of ice hits the wolf spider.
You feel sick.
The wolf spider burns!
The wolf spider is engulfed in blazing flames.
The wolf spider hits you!
* * * LOW HITPOINT WARNING * * *
The wolf spider bites you.
* * * LOW HITPOINT WARNING * * *
The wolf spider is engulfed in blazing flames.
The wolf spider hits you!!
You die...

##..........
#.<........
#..........
##..........
#...#..##...
##..#### ...
#..## ....
#...# ...#
#.@## ...=.
#§s## ....#
#..P####.....
#............
##.......###
#P.......#
##.......#
#.......#
#####...##


You could see a wolf spider (burning).

Vanquished Creatures
  A two-headed ogre (D:9)
  2 ice devils (Lair:1)
  2 komodo dragons (Lair:1)
  A hippogriff (D:8)
  A wyvern (D:9)
  A spriggan (D:8)
  3 basilisks
  8 yaks
  2 hungry ghosts (D:8)
  Menkaure (D:7)
  2 hell hounds (D:9)
  3 water moccasins (Lair:1)
  3 porcupines (Lair:1)
  4 orc warriors
  3 sky beasts
  3 black bears
  A phantom (D:8)
  2 ice beasts
  2 centaurs
  5 ogres
  4 crocodiles (Lair:1)
  Blork the orc (D:4)
  8 bullfrogs
  A scorpion (D:8)
  3 wights (D:7)
  6 crimson imps
  A bullfrog zombie (D:6)
  6 orc priests
  A jelly (D:9)
  A bullfrog skeleton (D:6)
  4 hounds
  A centaur skeleton (D:7)
  4 iguanas
  4 worker ants
  7 orc wizards
  A hound skeleton (D:4)
  A worker ant zombie (D:6)
  14 adders
  A shadow imp (D:6)
  An ooze (D:3)
  4 adder skeletons
  4 worms
  6 dart slugs
  7 leopard geckos
  39 orcs
  A ball python (D:1)
  5 bats
  8 giant cockroaches
  6 hobgoblins
  27 jackals
  13 kobolds
  6 quokkas
  8 frilled lizards
  13 goblins
  2 quokka skeletons
  4 quokka zombies
  8 rats
  A plant (Lair:2)
282 creatures vanquished.

Vanquished Creatures (others)
  2 fungi (Lair:1)
  2 plants (Lair:2)
4 creatures vanquished.

Grand Total: 286 creatures vanquished

Notes
Turn   | Place    | Note
-------+----------+-------------------------------------------
     0 | D:1      | kuniqs the Deep Elf Fire Elementalist began the quest for the Orb.
     0 | D:1      | Reached XP level 1. HP: 10/10 MP: 6/6
   201 | D:1      | Reached XP level 2. HP: 13/15 MP: 2/8
   206 | D:1      | Learned a level 2 spell: Throw Flame
   658 | D:1      | Reached XP level 3. HP: 19/19 MP: 3/10
  1363 | D:2      | Reached XP level 4. HP: 24/24 MP: 6/12
  1836 | D:2      | Learned a level 3 spell: Conjure Flame
  1841 | D:2      | Learned a level 4 spell: Sticky Flame
  2120 | D:3      | Found a faded altar of an unknown god.
  2614 | D:3      | Reached XP level 5. HP: 24/28 MP: 1/13
  3322 | D:3      | Reached skill level 5 in Fire Magic
  3460 | D:4      | Noticed an ogre
  3463 | D:3      | KURWA
  3652 | D:4      | Gained mutation: Your flesh is cold resistant. (rC+) [potion of mutation]
  3652 | D:4      | Gained mutation: You are somewhat resistant to further mutation. [potion of mutation]
  3652 | D:4      | Gained mutation: Your system is resistant to poisons. (rPois) [potion of mutation]
  3663 | D:4      | Killed an ogre
  3663 | D:4      | Reached skill level 5 in Spellcasting
  3663 | D:4      | Reached XP level 6. HP: 32/32 MP: 8/15
  3691 | D:4      | Identified the +6 short sword "Impbane" {pierce, rC+ Dex+4} (You found it on level 4 of the Dungeon)
  3761 | D:4      | Noticed Blork the orc
  3769 | D:4      | Learned a level 5 spell: Fireball
  3792 | D:4      | Killed Blork the orc
  4081 | D:4      | Reached skill level 5 in Conjurations
  4084 | D:4      | Found a snail-covered altar of Cheibriados.
  4484 | D:5      | Entered Level 5 of the Dungeon
  4571 | D:5      | Reached XP level 7. HP: 35/36 MP: 10/17
  5183 | D:5      | Found a basalt altar of Yredelemnul.
  5525 | D:6      | Reached XP level 8. HP: 41/41 MP: 7/19
  5621 | D:6      | Noticed Grinder
  6015 | D:6      | Found a staircase to the Ecumenical Temple.
  6021 | Temple   | Entered the Ecumenical Temple
  6045 | Temple   | Became a worshipper of Vehumet
  6726 | D:7      | Reached * piety under Vehumet
  6726 | D:7      | Offered knowledge of Freeze by Vehumet.
  7072 | D:7      | Noticed Menkaure
  7079 | D:7      | Killed Menkaure
  7079 | D:7      | Reached XP level 9. HP: 45/45 MP: 16/22
  8257 | D:8      | Reached skill level 10 in Fire Magic
  8481 | D:8      | Reached ** piety under Vehumet
  8488 | D:8      | Offered knowledge of Shock by Vehumet.
  8491 | D:8      | Learned a level 1 spell: Shock
  8792 | D:8      | Found a burning altar of Makhleb.
  8949 | D:9      | Reached XP level 10. HP: 50/50 MP: 14/25
  8957 | D:9      | Reached skill level 10 in Conjurations
  9045 | D:9      | Found a staircase to the Lair.
  9220 | D:9      | Found a roughly hewn altar of Beogh.
  9227 | D:9      | Offered knowledge of Static Discharge by Vehumet.
  9475 | D:9      | Noticed a two-headed ogre
  9484 | D:9      | Killed a two-headed ogre
  9484 | D:9      | Reached skill level 1 in Evocations
  9510 | D:9      | Identified the Guide on the Compass and Snow
  9518 | D:9      | Learned a level 4 spell: Passage of Golubria
  9547 | D:10     | Entered Level 10 of the Dungeon
  9547 | D:10     | Found a staircase to the Orcish Mines.
  9576 | D:10     | Reached skill level 1 in Translocations
  9740 | Lair:1   | Entered Level 1 of the Lair of Beasts
  9809 | Lair:1   | Reached *** piety under Vehumet
  9913 | Lair:1   | Noticed a black mamba
 10395 | Lair:1   | Reached skill level 5 in Stealth
 10413 | Lair:1   | Reached skill level 5 in Translocations
 10787 | Lair:1   | Reached XP level 11. HP: 44/55 MP: 15/26
 10978 | Lair:1   | Offered knowledge of Throw Icicle by Vehumet.
 11004 | Lair:1   | Learned a level 4 spell: Throw Icicle
 11228 | Lair:1   | Reached skill level 1 in Fighting
 11779 | Lair:2   | Reached skill level 1 in Shields
 11779 | Lair:2   | Reached skill level 1 in Ice Magic
 11915 | Lair:2   | Noticed a wolf spider
 11941 | Lair:2   | HP: 1/56 [wolf spider (3)]
 11941 | Lair:2   | Demolished by a wolf spider

Vault maps used:
D:1:      zelgadis_glass_arrival_small
D:2:      first_bread
D:3:      chequers_ecumenical_altar_simple_redux, kennysheep_generic_room_16
D:4:      st_stairs_10, kennysheep_slug_shrine, uniq_blork_the_orc
D:5:      basic_altar
D:6:      minmay_temple_entry_hall, uniq_grinder
D:7:      kennysheep_generic_room_8, uniq_menkaure
D:8:      lightli_temple_of_fire, the_bakery
D:9:      minmay_lair_entry_lava, special_room
D:10:     orc_0_dummy, serial_glass, glass_columns_b, glass_columns_a, uniq_grum
Temple:   nicolae_temple_the_god_donut
Lair:1:   portal_ice_cave_demonic_guard, nicolae_quartered_pool_super,
          serial_bayou_pond_d, grunt_megastairs_5, lemuel_fruit_tree
Lair:2:   minmay_lair_venomous_thicket, disabler_island

Skill      XL: |  1  2  3  4  5  6  7  8  9 10 11 |
---------------+----------------------------------+-----
Fire Magic     | 4 5 7 8 10 | 10.8
Spellcasting   | 4 5 6 7 9 |  9.7
Conjurations   | 2 3 4 5 6 8 9 10 | 10.2
Evocations     | 4 |  4.6
Stealth        | 5 |  5.9
Translocations | 5 |  5.9
Fighting       | 1 |  1.2
Dodging        | 3 |  3.2
Shields        | 1 |  1.1
Ice Magic      | 1 |  1.4

Action                   |  1- 3 |  4- 6 |  7- 9 | 10-12 || total
-------------------------+-------+-------+-------+-------++-------
Melee: Unarmed           |     3 |       |       |       ||     3
       Short sword       |       |       |    27 |     2 ||    29
 Cast: Flame Tongue      |    45 |    72 |   154 |       ||   271
       Throw Flame       |    23 |    79 |    89 |    94 ||   285
       Sticky Flame      |       |     1 |     3 |     6 ||    10
       Conjure Flame     |       |     3 |    13 |    11 ||    27
       Shock             |       |       |    22 |    84 ||   106
       Fireball          |       |       |     5 |     9 ||    14
       Throw Icicle      |       |       |       |     3 ||     3
  Use: Scroll            |       |     6 |     4 |     4 ||    14
       Potion            |       |     3 |     4 |       ||     7
 Stab: Sleeping          |       |       |     3 |       ||     3
  Eat: Chunk             |     2 |    10 |    15 |    10 ||    37
Armor: Robe              |     6 |     1 |       |       ||     7
       Leather armour    |       |     7 |     7 |     7 ||    21
Dodge: Dodged            |     9 |    12 |    29 |    18 ||    68
Block: Other             |       |       |     1 |     3 ||     4
       Buckler           |       |       |       |     4 ||     4
